 Dungeon Crawl Stone Soup version 0.23.2-1-ga50397a (webtiles) character file.

Game seed: 13903846443665674481

178 troglodite the Digger (level 5, 0/25 HPs)
             Began as a Vine Stalker Earth Elementalist on May 23, 2019.
             Slain by a river rat (5 damage)
             ... in a sewer.
             The game lasted 00:09:43 (2406 turns).

troglodite the Digger (VSEE)                        Turns: 2406, Time: 00:09:43

Health: 0/25       AC:  5    Str: 11    XL:     5   Next: 58%
Magic:  0/10       EV: 12    Int: 15    God:
Gold:   50         SH:  0    Dex: 15    Spells: 6/10 levels left

rFire    . . .     SeeInvis .   l - +0 dagger
rCold    . . .     Gourm    .   (no shield)
rNeg     . . .     Faith    .   j - +0 leather armour (curse)
rPois    .         Spirit   +   (no helmet)
rElec    .         Reflect  .   e - +0 cloak
rCorr    .         Harm     .   (no gloves)
MR       .....                  m - +0 pair of boots
Stlth    +.........             (no amulet)
HPRegen  0.48/turn              (no ring)
MPRegen  0.12/turn              (no ring)

@: very slow
A: fangs 2, regeneration 1, magic shield, antimagic bite, no potion heal 3, rot
immunity
a: no special abilities


You were in a sewer.
You were not hungry.

You visited 1 branch of the dungeon, and saw 3 of its levels.
You also visited: Sewer.

You collected 50 gold pieces.

Inventory:

Hand Weapons
 l - a +0 dagger (weapon)
Missiles
 b - 51 stones (quivered)
Armour
 e - a +0 cloak (worn)
 j - a cursed +0 leather armour (worn)
 m - a +0 pair of boots (worn)
Wands
 s - a wand of acid (11)
Scrolls
 a - 6 scrolls of identify {unknown}
 g - 2 scrolls of enchant weapon {unknown}
 h - a scroll of fog {unknown}
 i - 3 scrolls of remove curse {unknown}
 n - a scroll of amnesia {unknown}
Potions
 c - a potion of curing {unknown}
 f - 2 potions of haste {unknown}
 k - a potion of agility {unknown}
 o - a potion of ambrosia {unknown}
 p - 2 potions of flight {unknown}
 q - 2 potions of experience {unknown}
 r - a potion of might {unknown}
Comestibles
 d - 4 rations
 t - 4 chunks of flesh


   Skills:
 * Level 1.1 Fighting
 * Level 1.0 Short Blades
 + Level 0.6 Armour
 * Level 2.4 Dodging
 * Level 3.2 Stealth
 + Level 0.2 Unarmed Combat
 * Level 3.0 Spellcasting
 * Level 1.1 Conjurations
   Level 1.0 Transmutations
 * Level 3.9 Earth Magic


You had 6 spell levels left.
You knew the following spells:

 Your Spells              Type           Power        Failure   Level  Hunger
a - Sandblast             Erth           ##....       5%          1    #......
b - Stone Arrow           Conj/Erth      #.....       28%         3    ###....

Your spell library contained the following spells:

 Spells                   Type           Power        Failure   Level  Hunger
 Passwall                 Tmut/Erth      #.......     14%         2    ##.....
 Petrify                  Tmut/Erth      #.......     67%         4    #####..
 Lee's Rapid Deconstruct  Erth           ##........   82%         5    ######.


Dungeon Overview and Level Annotations

Branches:
Dungeon (3/15)

Altars:
Nemelex Xobeh
Uskayaw


Innate Abilities, Weirdness & Mutations

You have extremely sharp teeth.
Your natural rate of healing is unusually fast.
When hurt, damage is shared between your health and your magic reserves.
Your bite disrupts and absorbs the magic of your enemies.
Potions cannot restore your health.
You are immune to rotting.


Message History

Confirm with . or Enter, or press ? or * to list all spells.
Aiming: Sandblast (safe; 5% risk of failure)
Press: ? - help, Shift-Dir - straight line, f/p - river rat
Aim: a river rat (heavily wounded)
The blast of sand misses the river rat.
b - 51 stones The river rat misses you.
The rat barely misses you. The river rat closely misses you.
Casting: Sandblast (safe; 5% risk of failure)
Confirm with . or Enter, or press ? or * to list all spells.
You don't have enough magic to cast that spell.
Unknown command.
The river rat bites you but does no damage.
The rat barely misses you.
You enter the shallow water.
Moving in this stuff is going to be slow.
The river rat bites you.
* * * LOW HITPOINT WARNING * * *
The river rat bites you.
You die...

##...## #...## #...#
#...## ##...##
#....###################
#...÷..≈≈≈≈≈≈≈≈≈≈≈≈≈≈≈#.
##..÷..≈≈≈≈≈.≈≈≈≈≈≈≈≈≈≈.
#...rr@≈≈÷≈≈≈≈≈≈≈≈≈≈≈≈.
#...r≈≈≈≈≈≈#≈≈≈≈≈≈≈≈≈≈†
##....≈≈≈≈≈≈≈.≈≈≈≈≈≈≈..
###..≈≈≈≈≈≈≈≈≈≈≈≈≈≈≈..
####################


You could see 2 river rats and a rat.

Vanquished Creatures
  8 adders
  3 river rats
  An ooze (D:1)
  3 worms (D:2)
  A dart slug (D:1)
  A leopard gecko (D:2)
  An orc (D:3)
  4 giant cockroaches
  6 goblins
  7 hobgoblins
  A quokka (D:3)
  5 ball pythons
  6 bats
  4 frilled lizards
  7 kobolds
  17 rats
75 creatures vanquished.

Notes
Turn   | Place    | Note
-------+----------+-------------------------------------------
     0 | D:1      | troglodite the Vine Stalker Earth Elementalist began the
                  | quest for the Orb.
     0 | D:1      | Reached XP level 1. HP: 9/9 MP: 4/4
   135 | D:1      | Reached XP level 2. HP: 5/13 MP: 0/6
   659 | D:1      | Reached XP level 3. HP: 16/16 MP: 3/7
   705 | D:1      | Learned a level 3 spell: Stone Arrow
  1016 | D:2      | Gained mutation: Your natural rate of healing is unusually
                  | fast. [Vine Stalker growth]
  1016 | D:2      | Reached XP level 4. HP: 12/21 MP: 8/8
  1268 | D:2      | Found a hide-covered altar of Uskayaw.
  1344 | D:2      | Found a sparkling altar of Nemelex Xobeh.
  1388 | D:2      | Found a faded altar of an unknown god.
  1708 | D:2      | Reached skill level 1 in Conjurations
  1760 | D:3      | Reached XP level 5. HP: 25/25 MP: 10/10
  1991 | D:3      | Reached skill level 1 in Fighting
  2065 | D:3      | Found a glowing drain.
  2077 | Sewer    | Entered a sewer
  2220 | Sewer    | Reached skill level 1 in Short Blades
  2406 | Sewer    | Slain by a river rat

Skill      XL: |  1  2  3  4  5 |
---------------+----------------+-----
Dodging        | 2 |  2.4
Stealth        | 3 |  3.2
Conjurations   | 1 |  1.1
Fighting       | 1 |  1.1
Short Blades   | 1 |  1.0
Spellcasting   | 3 |  3.0
Armour         | |  0.6
Unarmed Combat | |  0.2
Transmutations | |  1.0
Earth Magic    | |  3.9

Action                   |  1- 3 |  4- 6 || total
-------------------------+-------+-------++-------
Melee: Unarmed           |    13 |       ||    13
       Dagger            |    27 |   183 ||   210
       Bite              |     9 |    43 ||    52
 Cast: Sandblast         |    34 |    17 ||    51
 Stab: Sleeping          |     3 |     4 ||     7
  Eat: Chunk             |     1 |     5 ||     6
Armor: Robe              |     2 |       ||     2
       Leather armour    |    29 |    65 ||    94
Dodge: Dodged            |    47 |   143 ||   190
